 Dungeon Crawl Stone Soup version 0.30-a0-52-g86a8295270 (webtiles) character file.

Game seed: 13835012949401450088

221 Newt the Skirmisher (level 6, 0/38 HPs)
             Began as a Kobold Hunter on Sept 6, 2022.
             Was an Initiate of Ashenzari.
             Asphyxiated
             ... on level 4 of the Dungeon.
             The game lasted 00:05:13 (4455 turns).

Newt the Skirmisher (Kobold Hunter)                 Turns: 4455, Time: 00:05:13

Health: 0/38       AC:  5    Str:  8    XL:     6   Next: 18%
Magic:  6/6        EV: 15    Int: 11    God:    Ashenzari [......]
Gold:   254        SH:  0    Dex: 20    Spells: 5/5 levels left

rFire   . . .      SeeInvis .    a - +0 shortbow
rCold   . . .      Faith    .    (shield currently unavailable)
rNeg    . . .      Spirit   .    c - +0 leather armour
rPois   .          Reflect  .    (no helmet)
rElec   .          Harm     .    (no cloak)
rCorr   .          Rampage  .    m - +0 pair of gloves
Will    .....                    h - +0 pair of boots
Stlth   +++.......               (no amulet)
HPRegen 0.12/turn                s - ring of flight
MPRegen 0.10/turn                (no ring)

@: lethally poisoned (0 -> -14), flying
A: small, no large weapons, nightstalker 3
a: Renounce Religion


You were on level 4 of the Dungeon.
You worshipped Ashenzari.
Ashenzari was noncommittal.
You visited 1 branch of the dungeon, and saw 4 of its levels.

You collected 254 gold pieces.

Inventory:

Hand Weapons
 a - a +0 shortbow (weapon)
 l - a +6 flail of protection
Armour
 c - a +0 leather armour (worn)
 h - a +0 pair of boots (worn)
 m - a +0 pair of gloves (worn)
Jewellery
 f - an amulet of faith
 s - a ring of flight (left hand)
Scrolls
 b - a scroll of immolation
 i - a scroll of noise
 o - a scroll of teleportation {unknown}
 p - a scroll of enchant weapon {unknown}
 q - a scroll of silence {unknown}
Potions
 d - 3 potions of heal wounds
 e - a potion of cancellation {unknown}
 g - a potion of degeneration
 j - a potion of flight {unknown}
 k - a potion of mutation {unknown}
 r - a potion of resistance {unknown}
 t - a potion of haste {unknown}


   Skills:
 - Level 4.0 Fighting
 - Level 8.0 Ranged Weapons
 + Level 3.1 Dodging
 - Level 1.3 Stealth


You had 5 spell levels left.
You didn't know any spells.
Your spell library contained the following spells:

 Spells                   Type           Power      Damage    Failure   Level
 Gell's Gravitas          Tloc           0%         N/A       83%         3
 Lesser Beckoning         Tloc           0%         N/A       83%         3
 Mephitic Cloud           Conj/Pois/Air  0%         N/A       83%         3
 Portal Projectile        Hex/Tloc       0%         N/A       83%         3
 Teleport Other           Tloc           0%         N/A       83%         3
 Summon Forest            Summ/Tloc      0%         N/A       100%        5
 Eringya's Noxious Bog    Tmut/Pois      0%         N/A       100%        6


Dungeon Overview and Level Annotations

Branches:
Dungeon (4/15)
 Temple: D:4-7

Altars:
Ashenzari
Cheibriados
Okawaru
Trog
Xom
Yredelemnul
The Shining One

Annotations:
D:4 sirJeffrey23's ghost, amateur DrMo


Innate Abilities, Weirdness & Mutations

You are small and have problems with some larger weapons.
You are completely attuned to the shadows.


Message History

Your gnoll closely misses sirJeffrey23's ghost.
Your gnoll barely misses the kobold.
Your gnoll hits sirJeffrey23's ghost from afar with a +0 spear.
Fire: a) +0 shortbow
Press: ? - help, Shift-Dir - straight line, f/p - sirJeffrey23's ghost
Aim: sirJeffrey23's ghost (heavily damaged, ally target, 60% to hit)
You shoot an arrow.
The arrow closely misses sirJeffrey23's ghost.
You feel sick.
Your gnoll dissolves into shadows!
SirJeffrey23's ghost hits you.
Your gnoll barely misses sirJeffrey23's ghost.
The kobold hits your gnoll with a +0 short sword.
Fire: a) +0 shortbow
Press: ? - help, Shift-Dir - straight line, f/p - sirJeffrey23's ghost
Aim: sirJeffrey23's ghost (heavily damaged, ally target, 60% to hit)
You shoot an arrow.
The arrow hits sirJeffrey23's ghost but does no damage.
SirJeffrey23's ghost is heavily damaged.
You feel sick. SirJeffrey23's ghost barely misses you.
The kobold brigand hits you with a +0 whip of electrocution.
You are electrocuted!
The kobold barely misses you.
Your gnoll hits sirJeffrey23's ghost from afar with a +0 halberd.
Your gnoll hits sirJeffrey23's ghost but does no damage.
The kobold hits your gnoll with a +0 short sword.
SirJeffrey23's ghost hits you but does no damage.
SirJeffrey23's ghost attacks as you move away!
SirJeffrey23's ghost barely misses you.
You feel sick.
Your gnoll hits sirJeffrey23's ghost with a +0 club!
Your gnoll hits sirJeffrey23's ghost from afar with a +0 halberd.
The kobold closely misses your gnoll.
You feel sick.
You are no longer poisoned.
Your gnoll dissolves into shadows!
Your gnoll barely misses sirJeffrey23's ghost.
The kobold brigand throws a curare-tipped dart.
The curare-tipped dart hits you.
You are lethally poisoned!
You have difficulty breathing.
You die...

######### #####..WK.@.#
#....g.KK.#.#
#.##''K##.#.#
###.....##..#
########~.#.#.~#..#
.......#⌠K#.#.⌠#..######
.......#~.# #.K#.......#
.......## ##...#####
........# #.####


You could see a kobold brigand, sirJeffrey23's ghost and 3 kobolds.

Vanquished Creatures
  An orc priest (D:3)
  Terence (D:3)
  6 adders
  2 worms (D:2)
  A dart slug (D:2)
  12 orcs
  7 endoplasms
  5 giant cockroaches
  5 goblins
  6 hobgoblins
  7 jackals
  3 quokkas
  4 ball pythons
  6 bats
  3 frilled lizards
  10 kobolds
  9 rats
  A spectral orc (D:4)
89 creatures vanquished.

Vanquished Creatures (collateral kills)
  A kobold (D:4)
1 creature vanquished.

Vanquished Creatures (others)
  2 fungi (D:4)
  2 plants (D:4)
4 creatures vanquished.

Grand Total: 94 creatures vanquished

Notes
Turn   | Place    | Note
-------+----------+-------------------------------------------
     0 | D:1      | Newt the Kobold Hunter began the quest for the Orb.
     0 | D:1      | Reached XP level 1. HP: 12/12 MP: 1/1
   240 | D:1      | Reached XP level 2. HP: 14/18 MP: 2/2
   503 | D:1      | Found a faded altar of an unknown god.
   679 | D:1      | Reached XP level 3. HP: 23/23 MP: 3/3
  1623 | D:2      | Reached XP level 4. HP: 29/29 MP: 4/4
  1631 | D:2      | Reached skill level 6 in Ranged Weapons
  2294 | D:3      | Reached XP level 5. HP: 25/33 MP: 5/5
  2373 | D:3      | Reached skill level 7 in Ranged Weapons
  2853 | D:3      | Noticed Terence
  2865 | D:3      | Killed Terence
  3327 | D:3      | Got the Omnibus of Unclean Elsewhere
  3717 | D:4      | Reached XP level 6. HP: 29/38 MP: 6/6
  3756 | D:4      | Reached skill level 8 in Ranged Weapons
  3820 | D:4      | Found a runed translucent gate.
  3821 | D:4      | Found a runed translucent gate.
  3822 | D:4      | Found a runed translucent gate.
  3822 | D:4      | Noticed sirJeffrey23's ghost (amateur DrMo)
  3922 | D:4      | Found an iron altar of Okawaru.
  3922 | D:4      | Found a snail-covered altar of Cheibriados.
  3925 | D:4      | Found a broken altar of Ashenzari.
  3929 | D:4      | Found a glowing golden altar of the Shining One.
  3930 | D:4      | Found a shimmering altar of Xom.
  3931 | D:4      | Found a bloodstained altar of Trog.
  4017 | D:4      | Became a worshipper of Ashenzari the Shackled
  4373 | D:4      | Found a basalt altar of Yredelemnul.
  4455 | D:4      | Asphyxiated

Illustrated notes

Levels and vault maps discovered:
D:1:      dpeg_arrival_another_circle, layout_basic,
          shapermc_ecumenical_altar_venn
D:2:      layout_rooms
D:3:      layout_basic, serial_aquarium, aquarium_bridge_long_joined
          [aquarium_subvault_wall, aquarium_subvault_balcony,
          aquarium_subvault_bridge, aquarium_subvault_window,
          aquarium_subvault_window, aquarium_subvault_window],
          aquarium_bridge_straight [aquarium_subvault_bridge,
          aquarium_subvault_wall, aquarium_subvault_bridge,
          aquarium_subvault_wall], aquarium_window_2,
          aquarium_window_corridor_3, aquarium_view_2g,
          ebering_dispersal_statue_hall, grunt_decor_one_mirror, uniq_terence
D:4:      layout_rooms, minitemple, yredelemnul_forgotten_temple_becter,
          gammafunk_ghost_nasty_kobolds, serial_forest,
          infiniplex_forest_lined_2, infiniplex_forest_straight_2,
          infiniplex_forest_lined_corner, infiniplex_forest_straight_2

Skill      XL: |  1  2  3  4  5  6 |
---------------+-------------------+-----
Fighting       | 3 4 |  4.0
Ranged Weapons | 6 7 8 |  8.0
Dodging        | 3 |  3.1
Stealth        | |  1.3

Action                   |  1- 3 |  4- 6 || total
-------------------------+-------+-------++-------
 Fire: Shortbow          |    99 |   147 ||   246
  Use: Scroll            |     1 |     4 ||     5
       Potion            |       |     2 ||     2
Armor: Leather armour    |    17 |    31 ||    48
Dodge: Dodged            |    43 |    72 ||   115

Table legend: (Time is in decaauts)
 A = Elapsed time spent in this place.
 B = Non-inter-level travel time spent in this place.
 C = Inter-level travel time spent in this place.
 D = Time resting spent in this place.
 E = Time spent auto-exploring this place.
 F = Levels seen in this place.
 G = Mean time per level.
                   A        B        C        D        E       F      G
               +--------+--------+--------+--------+--------+-----+--------+
         Total |   4511 |   4289 |    222 |    348 |   3471 |   4 | 1127.8 |
       Dungeon |   4511 |   4289 |    222 |    348 |   3471 |   4 | 1127.8 |
               +--------+--------+--------+--------+--------+-----+--------+

Top non-repeatable levels by time:
     D:3: 1704 daAuts
     D:1: 1342 daAuts
     D:4: 766 daAuts
     D:2: 698 daAuts
